%YAML 1.1
%TAG !u! tag:unity3d.com,2011:
--- !u!1 &760847516959368294
GameObject:
  m_ObjectHideFlags: 0
  m_CorrespondingSourceObject: {fileID: 0}
  m_PrefabInstance: {fileID: 0}
  m_PrefabAsset: {fileID: 0}
  serializedVersion: 6
  m_Component:
  - component: {fileID: 760847516959368292}
  - component: {fileID: 760847516959368293}
  - component: {fileID: 760847516959368291}
  - component: {fileID: 5626679289715225691}
  - component: {fileID: 2246480522716627057}
  m_Layer: 0
  m_Name: Game Manager
  m_TagString: Untagged
  m_Icon: {fileID: 0}
  m_NavMeshLayer: 0
  m_StaticEditorFlags: 0
  m_IsActive: 1
--- !u!4 &760847516959368292
Transform:
  m_ObjectHideFlags: 0
  m_CorrespondingSourceObject: {fileID: 0}
  m_PrefabInstance: {fileID: 0}
  m_PrefabAsset: {fileID: 0}
  m_GameObject: {fileID: 760847516959368294}
  m_LocalRotation: {x: 0, y: 0, z: 0, w: 1}
  m_LocalPosition: {x: 0, y: 0, z: 0}
  m_LocalScale: {x: 1, y: 1, z: 1}
  m_Children: []
  m_Father: {fileID: 0}
  m_RootOrder: 0
  m_LocalEulerAnglesHint: {x: 0, y: 0, z: 0}
--- !u!114 &760847516959368293
MonoBehaviour:
  m_ObjectHideFlags: 0
  m_CorrespondingSourceObject: {fileID: 0}
  m_PrefabInstance: {fileID: 0}
  m_PrefabAsset: {fileID: 0}
  m_GameObject: {fileID: 760847516959368294}
  m_Enabled: 1
  m_EditorHideFlags: 0
  m_Script: {fileID: 11500000, guid: 3153c9ccf0591ca4390b4a9d9f0077c3, type: 3}
  m_Name: 
  m_EditorClassIdentifier: 
  enemyPrefab:
  - {fileID: 0}
  - {fileID: 0}
  - {fileID: 0}
  spawnPoint: {fileID: 0}
  enemyTarget: {fileID: 0}
  waveTimerText: {fileID: 0}
  timeBetweenWaves: 5
  timeBetweenSpawn: 0.9
--- !u!114 &760847516959368291
MonoBehaviour:
  m_ObjectHideFlags: 0
  m_CorrespondingSourceObject: {fileID: 0}
  m_PrefabInstance: {fileID: 0}
  m_PrefabAsset: {fileID: 0}
  m_GameObject: {fileID: 760847516959368294}
  m_Enabled: 1
  m_EditorHideFlags: 0
  m_Script: {fileID: 11500000, guid: 7e121154794da8a47988976973bad437, type: 3}
  m_Name: 
  m_EditorClassIdentifier: 
  waterTurret:
    prefab: {fileID: 8683334470602634954, guid: 77c0b984e6294d549b0c5cae9f852ec7,
      type: 3}
    cost:
      FireCurrency: 0
      WaterCurrency: 0
      WindCurrency: 0
      ElectricCurrency: 0
      EarthCurrency: 0
      HealthCurrency: 0
  fireTurret:
    prefab: {fileID: 7979164158337764502, guid: 5dcc2dc87b27fc745b123eb6bea0bc0a,
      type: 3}
    cost:
      FireCurrency: 0
      WaterCurrency: 0
      WindCurrency: 0
      ElectricCurrency: 0
      EarthCurrency: 0
      HealthCurrency: 0
  electricTurret:
    prefab: {fileID: 3644328045692550091, guid: 46c41fb869276ba4981753c534c7b2e0,
      type: 3}
    cost:
      FireCurrency: 0
      WaterCurrency: 0
      WindCurrency: 0
      ElectricCurrency: 0
      EarthCurrency: 0
      HealthCurrency: 0
  windTurret:
    prefab: {fileID: 6166776023041904115, guid: 213cbe5bcd0f8884a8411263cc6798d6,
      type: 3}
    cost:
      FireCurrency: 0
      WaterCurrency: 0
      WindCurrency: 0
      ElectricCurrency: 0
      EarthCurrency: 0
      HealthCurrency: 0
  earthTurret:
    prefab: {fileID: 412587934029418126, guid: 29767fa29b5bca94da797656645d22be, type: 3}
    cost:
      FireCurrency: 0
      WaterCurrency: 0
      WindCurrency: 0
      ElectricCurrency: 0
      EarthCurrency: 0
      HealthCurrency: 0
  waterGem:
    Gem:
      GemSprite: {fileID: -8278886706071227723, guid: 2fc0c46ae9bd0ff4aab8c0f6bb69f7db,
        type: 3}
      ElementType: Water
    Cost:
      FireCurrency: 0
      WaterCurrency: 10
      WindCurrency: 0
      ElectricCurrency: 0
      EarthCurrency: 0
      HealthCurrency: 0
  fireGem:
    Gem:
      GemSprite: {fileID: 8978405557915920027, guid: 2fc0c46ae9bd0ff4aab8c0f6bb69f7db,
        type: 3}
      ElementType: Fire
    Cost:
      FireCurrency: 10
      WaterCurrency: 0
      WindCurrency: 0
      ElectricCurrency: 0
      EarthCurrency: 0
      HealthCurrency: 0
  electricGem:
    Gem:
      GemSprite: {fileID: 8171412718094855408, guid: 2fc0c46ae9bd0ff4aab8c0f6bb69f7db,
        type: 3}
      ElementType: Electric
    Cost:
      FireCurrency: 0
      WaterCurrency: 0
      WindCurrency: 0
      ElectricCurrency: 10
      EarthCurrency: 0
      HealthCurrency: 0
  windGem:
    Gem:
      GemSprite: {fileID: 8218573538638637631, guid: 2fc0c46ae9bd0ff4aab8c0f6bb69f7db,
        type: 3}
      ElementType: Wind
    Cost:
      FireCurrency: 0
      WaterCurrency: 0
      WindCurrency: 10
      ElectricCurrency: 0
      EarthCurrency: 0
      HealthCurrency: 0
  earthGem:
    Gem:
      GemSprite: {fileID: 6324907987021151764, guid: 2fc0c46ae9bd0ff4aab8c0f6bb69f7db,
        type: 3}
      ElementType: Earth
    Cost:
      FireCurrency: 0
      WaterCurrency: 0
      WindCurrency: 0
      ElectricCurrency: 0
      EarthCurrency: 10
      HealthCurrency: 0
  buildingGUI: {fileID: 8396761518512394181, guid: 2b7f44b74da1c3740900ea214ecad8cb,
    type: 3}
  turretGUI: {fileID: 1648429111685764995, guid: f7d7682fc9c1526499a8a597553c34b6,
    type: 3}
  damagePopPrefab: {fileID: 8504019709040741204, guid: 904362deca7d00541ac3acda62e8b91e,
    type: 3}
  normalDamageColor:
    serializedVersion: 2
    rgba: 4278226943
  effectiveDamageColor:
    serializedVersion: 2
    rgba: 4278190335
  reducedDamageColor:
    serializedVersion: 2
    rgba: 4294901935
  healColor:
    serializedVersion: 2
    rgba: 4278243595
--- !u!114 &5626679289715225691
MonoBehaviour:
  m_ObjectHideFlags: 0
  m_CorrespondingSourceObject: {fileID: 0}
  m_PrefabInstance: {fileID: 0}
  m_PrefabAsset: {fileID: 0}
  m_GameObject: {fileID: 760847516959368294}
  m_Enabled: 1
  m_EditorHideFlags: 0
  m_Script: {fileID: 11500000, guid: 1f2af26a72b40004ab0ae1803f48bfcd, type: 3}
  m_Name: 
  m_EditorClassIdentifier: 
  startingCurrency:
    FireCurrency: 0
    WaterCurrency: 0
    WindCurrency: 0
    ElectricCurrency: 0
    EarthCurrency: 0
    HealthCurrency: 0
  startingHealth: 0
  ExperienceToLevelUp:
    baseValue: 250
    levelGain: 50
  FireCounter: {fileID: 0}
  WaterCounter: {fileID: 0}
  WindCounter: {fileID: 0}
  ElectricCounter: {fileID: 0}
  EarthCounter: {fileID: 0}
  HealthCounter: {fileID: 0}
  HealthSlider: {fileID: 0}
  HealthGradient:
    serializedVersion: 2
    key0: {r: 1, g: 1, b: 1, a: 1}
    key1: {r: 1, g: 1, b: 1, a: 1}
    key2: {r: 0, g: 0, b: 0, a: 0}
    key3: {r: 0, g: 0, b: 0, a: 0}
    key4: {r: 0, g: 0, b: 0, a: 0}
    key5: {r: 0, g: 0, b: 0, a: 0}
    key6: {r: 0, g: 0, b: 0, a: 0}
    key7: {r: 0, g: 0, b: 0, a: 0}
    ctime0: 0
    ctime1: 65535
    ctime2: 0
    ctime3: 0
    ctime4: 0
    ctime5: 0
    ctime6: 0
    ctime7: 0
    atime0: 0
    atime1: 65535
    atime2: 0
    atime3: 0
    atime4: 0
    atime5: 0
    atime6: 0
    atime7: 0
    m_Mode: 0
    m_NumColorKeys: 2
    m_NumAlphaKeys: 2
  ExperienceSlider: {fileID: 0}
--- !u!114 &2246480522716627057
MonoBehaviour:
  m_ObjectHideFlags: 0
  m_CorrespondingSourceObject: {fileID: 0}
  m_PrefabInstance: {fileID: 0}
  m_PrefabAsset: {fileID: 0}
  m_GameObject: {fileID: 760847516959368294}
  m_Enabled: 1
  m_EditorHideFlags: 0
  m_Script: {fileID: 11500000, guid: 122af8bdbce50cb479779017959a10f0, type: 3}
  m_Name: 
  m_EditorClassIdentifier: 
  gameOverUI: {fileID: 0}
